 Dungeon Crawl Stone Soup version 0.29.1-13-g9f3cf754e1 (webtiles) character file.

Game seed: 14903409115890169728

553 Sanktem7 the Trooper (level 7, -2/64 HPs)
             Began as a Minotaur Fighter on Jan 23, 2023.
             Slain by a water moccasin (7 damage)
             ... on level 5 of the Dungeon.
             The game lasted 00:06:50 (3464 turns).

Sanktem7 the Trooper (Minotaur Fighter)             Turns: 3464, Time: 00:06:51

Health: -2/64      AC: 11    Str: 26    XL:     7   Next: 8%
Magic:  6/6        EV: 10    Int:  5    God:
Gold:   167        SH:  3    Dex:  2    Spells: 6/6 levels left

rFire   + . .      SeeInvis .   i - +2 whip of Modesty {freeze, Contam rC+++ Will+++ Str+4 Dex-4, mace}
rCold   + + +      Faith    .   c - +0 buckler
rNeg    + . .      Spirit   .   t - +5 ring mail "Iwionoyb" {Harm rN+ Dex-4}
rPois   .          Reflect  .   (helmet restricted)
rElec   .          Harm     +   (no cloak)
rCorr   .          Rampage  .   (no gloves)
Will    +++..                   (no boots)
Stlth   ..........              (no amulet)
HPRegen 0.20/turn               h - ring of protection from fire
MPRegen 0.10/turn               (no ring)

@: no status effects
A: horns 2, retaliatory headbutt, subdued magic 1
a: no special abilities


You were on level 5 of the Dungeon.
You visited 1 branch of the dungeon, and saw 5 of its levels.

You collected 167 gold pieces.


Innate Abilities, Weirdness & Mutations

You have a pair of horns on your head.
You reflexively headbutt those who attack you in melee.
Your spells are a little easier to cast, but a little less powerful.


   Skills:
 * Level 6.7 Fighting
 - Level 3.4(4.7) Axes
 * Level 4.8(5.3) Maces & Flails
 + Level 5.5 Armour
 - Level 3.6 Shields


You had 6 spell levels left.
You didn't know any spells.
Your spell library contained the following spells:

 Spells                   Type           Power      Damage    Failure   Level
 Freeze                   Ice            0%         1d3       67%         1
 Ensorcelled Hibernation  Hex/Ice        0%         N/A       80%         2
 Passwall                 Tmut/Erth      0%         N/A       80%         2
 Dazzling Flash           Conj/Hex       0%         N/A       96%         3
 Gell's Gravitas          Tloc           0%         N/A       96%         3
 Lesser Beckoning         Tloc           0%         N/A       96%         3
 Swiftness                Air            0%         N/A       96%         3
 Teleport Other           Tloc           0%         N/A       96%         3
 Iskenderun's Mystic Bla  Conj/Tloc      0%         2d3       100%        4
 Starburst                Conj/Fire      0%         6d3       100%        6

Inventory:

Hand Weapons
 a - a +0 war axe {axe}
 i - the +2 whip of Modesty (weapon) {freeze, Contam rC+++ Will+++ Str+4 Dex-4, mace}
   (You found it on level 2 of the Dungeon)

   It freezes those it strikes, dealing additional cold damage.
   It can also slow down cold-blooded creatures.
   Str:       It affects your strength (+4).
   Dex:       It affects your dexterity (-4).
   rC:        It renders you almost immune to cold.
   Contam:    It causes magical contamination when unequipped.
   Will:      It greatly increases your willpower.
Missiles
 g - 30 stones (quivered) {throwing}
 l - 5 poisoned darts {throwing}
Armour
 c - a +0 buckler (worn)
 n - a +0 plate armour
   (You found it on level 2 of the Dungeon)
 t - the +5 ring mail "Iwionoyb" (worn) {Harm rN+ Dex-4}
   (You found it on level 5 of the Dungeon)

   Dex:       It affects your dexterity (-4).
   rN:        It protects you from negative energy.
   Harm:      It increases damage dealt and taken.
Jewellery
 h - a ring of protection from fire (left hand)
   (You found it on level 1 of the Dungeon)
Scrolls
 b - a scroll of vulnerability {unknown}
 e - a scroll of enchant armour {unknown}
 j - a scroll of identify {unknown}
 k - a scroll of enchant weapon {unknown}
 q - a scroll of teleportation {unknown}
 s - a scroll of blinking {unknown}
Potions
 d - a potion of might
 f - a potion of degeneration {unknown}
 m - 2 potions of berserk rage {unknown}
 o - a potion of brilliance {unknown}
 p - a potion of curing {@q1}
 r - a potion of invisibility {unknown}
 u - a potion of cancellation {unknown}

Dungeon Overview and Level Annotations

Branches:
Dungeon (5/15) Zot: 26521
 Temple: D:4-7

Altars:
Dithmenos
Fedhas
Sif Muna
Uskayaw
Vehumet

Shops:
D:4

( #...........######
####............#...###
..#..##.##............##
..... #.##.............#
.....#####...........###
......#.#..#..#....###
#.#.....=..####....###
#..........####......##
..#.......o@......#..#
...........S......##.##
.......###.........#.###.....
....... #...................
....... .......#......>.....
....... .......##...##......#
.........###.......##......#
......... ........####.....#
.........##......#


You could see a water moccasin and an orc.


Message History

You closely miss the hound.
You feel sick.
The water moccasin is no longer moving slowly.
You block the hound's attack.
The water moccasin bites you but does no damage.
The hound bites you. 😮 HP[-8]
You take 8 damage, and now have 45/64 hp.
You hit the hound. You freeze the hound. Your headbutt misses the hound.
You feel sick.
The water moccasin bites you but does no damage.
The hound barely misses you. 😮 HP[-1]
You take 1 damage, and now have 44/64 hp.
You barely miss the hound.
You feel sick. You block the water moccasin's attack. The hound bites you.
The water moccasin bites you. 😮 HP[-4]
You take 4 damage, and now have 40/64 hp.
You closely miss the hound.
You feel sick. The hound bites you but does no damage.
The water moccasin bites you but does no damage.
You block the hound's attack. 😮 HP[-2]
You take 2 damage, and now have 38/64 hp.
You barely miss the hound. Your headbutt misses the hound.
You feel sick. The water moccasin bites you!
* * * LOW HITPOINT WARNING * * *
The hound bites you but does no damage. 😨 HP[-10]
You take 10 damage, and now have 28/64 hp.
You hit the hound. You freeze the hound.
You feel sick. You block the water moccasin's attack.
The hound barely misses you. The water moccasin bites you!
* * * LOW HITPOINT WARNING * * *
😨 HP[-9]
You take 9 damage, and now have 19/64 hp.
You miss the water moccasin.
Your headbutt misses the water moccasin.
You feel sick. The hound barely misses you. The water moccasin bites you.
* * * LOW HITPOINT WARNING * * *
You are more poisoned.
The water moccasin poisons you!
The hound bites you but does no damage. 😱 HP[-4]
You take 4 damage, and now have 15/64 hp.
The orc attacks as you move away! The orc hits you but does no damage.
You feel sick.
The water moccasin bites you but does no damage. 😱 HP[-1]
You take 1 damage, and now have 14/64 hp.
The hound attacks as you move away! The hound barely misses you.
You feel sick. The water moccasin barely misses you. You furiously retaliate!
You headbutt the water moccasin! The hound bites you.
* * * LOW HITPOINT WARNING * * *
😱 HP[-4]
You take 4 damage, and now have 10/64 hp.
The hound attacks as you move away! The hound bites you but does no damage.
The water moccasin attacks as you move away!
The water moccasin barely misses you.
You feel sick. 😱 HP[-2]
You take 2 damage, and now have 8/64 hp.
The water moccasin attacks as you move away!
The water moccasin barely misses you. You furiously retaliate!
You headbutt the water moccasin, but do no damage.
You feel sick. You block the hound's attack.
The water moccasin bites you but does no damage. 😱 HP[-1]
You take 1 damage, and now have 7/64 hp.
The hound attacks as you move away! The hound bites you.
* * * LOW HITPOINT WARNING * * *
x2 You feel sick. 😱 HP[-4]
You take 4 damage, and now have 3/64 hp.
You hit the hound. You freeze the hound.
You kill the hound!
* * * LOW HITPOINT WARNING * * *
You feel sick. The water moccasin barely misses you.
It was a potion of curing.
You feel better. The water moccasin bites you.
* * * LOW HITPOINT WARNING * * *
The orc hits you but does no damage.
The water moccasin bites you but does no damage. 😱 HP[+6]
You regained 6 hp, and now have 9/64 hp.
You hit the orc. You freeze the orc.
The water moccasin bites you but does no damage.
The orc barely misses you.
You closely miss the orc.
The water moccasin bites you but does no damage.
The orc hits you with a +0 short sword.
* * * LOW HITPOINT WARNING * * *
😱 HP[-2]
You take 2 damage, and now have 7/64 hp.
You barely miss the orc. The water moccasin bites you.
* * * LOW HITPOINT WARNING * * *
You block the orc's attack. 😱 HP[-3]
You take 3 damage, and now have 4/64 hp.
You closely miss the orc.
The water moccasin bites you but does no damage.
The water moccasin bites you.
You die...

Skill      XL: |  1  2  3  4  5  6 |
---------------+-------------------+-----
Fighting       | 4 5 6 |  6.7
Axes           | 3 |  3.4
Armour         | 4 5 |  5.5
Maces & Flails | 1 2 3 4 |  4.8
Shields        | |  3.6

Action                   |  1- 3 |  4- 6 |  7- 9 || total
-------------------------+-------+-------+-------++-------
Melee: War axe           |    44 |       |       ||    44
       Headbutt          |     4 |    21 |     1 ||    26
       Whip              |    12 |   120 |    19 ||   151
  Use: Potion            |       |       |     1 ||     1
Armor: Scale mail        |    14 |     7 |       ||    21
       Plate armour      |       |    66 |     1 ||    67
       Ring mail         |       |       |    15 ||    15
Dodge: Dodged            |    20 |    22 |    13 ||    55
Block: Buckler           |    12 |    22 |     7 ||    41

Levels and vault maps discovered:
D:1:      lemuel_arrival_river_ford, layout_rooms,
          shapermc_ecumenical_altar_rom_forum, nicolae_wormholes
D:2:      layout_basic, nrook_campfire, minmay_3d_cube, uniq_jessica
D:3:      layout_basic, nicolae_overflow_ecumenical_swirl,
          mainiacjoe_overflow_catwalk_spiral, mainiacjoe_overflow_boulevard,
          roderic_lattice_a, nrook_mini_vaults
D:4:      layout_basic, kennysheep_windowed_goal
D:5:      layout_cave_pools, elyvilon_altar_5, mainiacjoe_overflow_alcove_4,
          hangedman_decor_growths

Notes
Turn   | Place    | Note
-------+----------+-------------------------------------------
     0 | D:1      | Sanktem7 the Minotaur Fighter began the quest for the Orb.
     0 | D:1      | Reached XP level 1. HP: 19/19 MP: 0/0
     0 | D:1      | magus.rc [v1.9.6]
    73 | D:1      | Reached XP level 2. HP: 14/27 MP: 1/1
   233 | D:1      | Reached skill level 4 in Fighting
   300 | D:1      | Reached skill level 3 in Axes
   585 | D:1      | Found a faded altar of an unknown god.
   592 | D:1      | Got Plato's Handbook of the Hidden Realms
   694 | D:1      | Reached skill level 4 in Armour
   694 | D:1      | Reached XP level 3. HP: 33/33 MP: 2/2
   848 | D:2      | Identified the +2 whip of Modesty {freeze, Contam rC+++
                  | Will+++ Str+4 Dex-4}
   853 | D:2      | You pick up a book of Burglary and begin reading...
   853 | D:2      | You add the spells Passwall, Ensorcelled Hibernation and
                  | Swiftness to your library.
   859 | D:2      | Gained mutation: Your spells are a little easier to cast,
                  | but a little less powerful. [mutagenic glow]
   977 | D:2      | Noticed Jessica
   985 | D:2      | Killed Jessica
   986 | D:2      | Reached skill level 1 in Maces & Flails
   986 | D:2      | Reached XP level 4. HP: 32/41 MP: 3/3
  1230 | D:2      | You pick up a book of Spectacle and begin reading...
  1230 | D:2      | You add the spells Dazzling Flash, Iskenderun's Mystic
                  | Blast and Starburst to your library.
  1611 | D:3      | Found a faded altar of an unknown god.
  1614 | D:3      | Found a shimmering blue altar of Sif Muna.
  1658 | D:3      | Found a blossoming altar of Fedhas.
  1675 | D:3      | Found a shadowy altar of Dithmenos.
  1677 | D:3      | Found a hide-covered altar of Uskayaw.
  2113 | D:3      | Reached skill level 5 in Fighting
  2179 | D:4      | Noticed a centaur
  2189 | D:4      | Killed a centaur
  2190 | D:4      | Reached skill level 2 in Maces & Flails
  2190 | D:4      | Reached XP level 5. HP: 28/48 MP: 4/4
  2195 | D:4      | Reached skill level 3 in Maces & Flails
  2364 | D:4      | You pick up a book of Displacement and begin reading...
  2364 | D:4      | You add the spells Lesser Beckoning, Gell's Gravitas and
                  | Teleport Other to your library.
  2523 | D:4      | Found Piaphi's Weapon Emporium.
  2610 | D:4      | Reached XP level 6. HP: 50/57 MP: 5/5
  2777 | D:4      | Reached skill level 5 in Armour
  2784 | D:4      | Reached skill level 6 in Fighting
  2890 | D:4      | Reached skill level 4 in Maces & Flails
  3253 | D:5      | Entered Level 5 of the Dungeon
  3264 | D:5      | Found a radiant altar of Vehumet.
  3328 | D:5      | Noticed an ice beast
  3336 | D:5      | Killed an ice beast
  3337 | D:5      | Reached XP level 7. HP: 54/64 MP: 6/6
  3392 | D:5      | Identified the +5 ring mail "Iwionoyb" {Harm rN+ Dex-4}
  3453 | D:5      | HP: 15/64 [water moccasin (3)]
  3457 | D:5      | HP: 7/64 [poisoned by a water moccasin]
  3458 | D:5      | HP: 3/64 [poisoned by a water moccasin]
  3463 | D:5      | HP: 4/64 [water moccasin (3)]
  3464 | D:5      | Slain by a water moccasin

Vanquished Creatures
  An ice beast (D:5)
  A centaur (D:4)
  A howler monkey (D:4)
  2 orc priests (D:4)
  2 hounds
  Jessica (D:2)
  An iguana (D:4)
  An orc wizard (D:4)
  6 adders
  An ufetubus (D:3)
  4 worms
  4 orcs
  10 endoplasms
  9 giant cockroaches
  5 goblins
  9 hobgoblins
  4 kobolds
  2 quokkas (D:4)
  5 ball pythons
  3 bats
  A frilled lizard (D:1)
  3 rats
76 creatures vanquished.

Vanquished Creatures (others)
  2 fungi (D:3)
2 creatures vanquished.

Grand Total: 78 creatures vanquished

Table legend:
 A = Non-vault XP
 B = Vault XP
 C = Vault XP percentage of total XP
 D = Non-vault monster count
 E = Vault monster count
 F = Vault count percentage of total count
                 A         B        C        D         E       F
            +---------+---------+-------+---------+---------+-------
      Total |     737 |      54 |   6.8 |      68 |       8 |  10.5
            +---------+---------+-------+---------+---------+-------
        D:1 |      31 |      10 |  24.4 |      17 |       2 |  10.5
        D:2 |      46 |      40 |  46.5 |      13 |       3 |  18.8
        D:3 |      27 |       0 |   0.0 |      11 |       0 |   0.0
        D:4 |     414 |       4 |   1.0 |      22 |       3 |  12.0
        D:5 |     219 |       0 |   0.0 |       5 |       0 |   0.0
            +---------+---------+-------+---------+---------+-------

Illustrated notes

Table legend:
 A = Kills in this place as a percentage of kills in entire the game.
 B = Kills by you in this place as a percentage of kills by you in the entire game.
 C = Kills by friends in this place as a percentage of kills by friends in the entire game.
 D = Other kills in this place as a percentage of other kills in the entire game.
 E = Experience gained in this place as a percentage of experience gained in the entire game.
 F = Experience gained in this place divided by the number of levels of this place that you have seen.
                   A       B       C       D       E      F
               +-------+-------+-------+-------+-------+----------------------
         Total | 100.0 | 100.0 |   N/A |   N/A | 100.0 | 158.2
       Dungeon | 100.0 | 100.0 |   N/A |   N/A | 100.0 | 158.2
               +-------+-------+-------+-------+-------+----------------------

Table legend: (Time is in decaauts)
 A = Elapsed time spent in this place.
 B = Non-inter-level travel time spent in this place.
 C = Inter-level travel time spent in this place.
 D = Time resting spent in this place.
 E = Time spent auto-exploring this place.
 F = Levels seen in this place.
 G = Mean time per level.
                   A        B        C        D        E       F      G
               +--------+--------+--------+--------+--------+-----+--------+
         Total |   3477 |   3429 |     48 |      0 |   2932 |   5 |  695.4 |
       Dungeon |   3477 |   3429 |     48 |      0 |   2932 |   5 |  695.4 |
               +--------+--------+--------+--------+--------+-----+--------+

Top non-repeatable levels by time:
     D:4: 1080 daAuts
     D:1: 829 daAuts
     D:3: 790 daAuts
     D:2: 569 daAuts
     D:5: 207 daAuts
